 Dungeon Crawl Stone Soup version 0.25-a0-942-g87a53962fc (webtiles) character file.

Game seed: 18229809670165787819, levelgen mode: deterministic

449834 Flugslaktarn the Hoplite (level 22, -11/193 HPs)
             Began as a Minotaur Fighter on May 8, 2020.
             Was the Champion of Cheibriados.
             Mangled by a black draconian monk (17 damage)
             ... on level 4 of the Realm of Zot.
             The game lasted 00:27:43 (43656 turns).

Flugslaktarn the Hoplite (Minotaur Fighter)        Turns: 43656, Time: 00:27:44

Health: -11/193    AC: 42    Str: 38    XL:     22   Next: 87%
Magic:  0/27       EV: 26    Int: 20    God:    Cheibriados [******]
Gold:   1701       SH: 30    Dex: 32    Spells: 21/21 levels left

rFire    + + .     SeeInvis .   D - +9 broad axe (vorpal)
rCold    + + .     Gourm    .   i - +2 tower shield
rNeg     . . .     Faith    .   J - +5 crystal plate armour
rPois    +         Spirit   +   S - +1 hat
rElec    .         Reflect  .   A - +2 cloak
rCorr    .         Harm     .   U - +2 pair of gloves {Dex+3}
MR       ++...                  (no boots)
Stlth    ..........             y - amulet "Uddo" {Spirit rF+ MR+ Str-4 Int+2}
HPRegen  0.42/turn              L - ring of Edais {*Contam rPois rC+++}
MPRegen  0.20/turn              M - ring of fire

@: mighty, very slow
A: retaliatory headbutt, horns 2, dopey 1, frail 1, wild magic 1
}: 3/15 runes: decaying, serpentine, silver
a: Bend Time, Temporal Distortion, Slouch, Step From Time, Renounce Religion


You were on level 4 of the Realm of Zot.
You worshipped Cheibriados.
Cheibriados was exalted by your worship.
You were not hungry.

You visited 9 branches of the dungeon, and saw 46 of its levels.
You also visited: Ice Cave.

You collected 4700 gold pieces.
You spent 2999 gold pieces at shops.

Inventory:

Hand Weapons
 f - the +14 obsidian axe {vorpal, +Fly SInv *Curse}
   (You acquired it on level 1 of the Lair of Beasts)

   It inflicts extra damage upon your enemies.
   It lets you see invisible.
   It lets you fly.
   It curses itself when equipped.
 D - a +9 vorpal broad axe (weapon)
   (You took it off a death knight on level 12 of the Dungeon)
Armour
 b - a +2 chain mail of poison resistance
   (You took it off Harold on level 7 of the Dungeon)
 i - a +2 tower shield (worn)
   (You found it on level 5 of the Dungeon)
 A - a +2 cloak (worn)
   (You took it off Crazy Yiuf on level 4 of the Dungeon)
 I - +0 gold dragon scales
   (You found it on level 4 of the Vaults)
 J - a +5 crystal plate armour (worn)
   (You bought it in a shop on level 2 of the Snake Pit)
 S - a +1 hat (worn)
   (You found it in an ice cave)
 U - a +2 pair of gloves of dexterity (worn)
   (You found it in an ice cave)
Jewellery
 u - an uncursed ring of positive energy
   (You found it on level 3 of the Dungeon)
 y - the amulet "Uddo" (around neck) {Spirit rF+ MR+ Str-4 Int+2}
   (You took it off an ironbrand convoker on level 4 of the Vaults)

   [amulet of guardian spirit]

   It causes incoming damage to be split between your health and magic.
   It affects your strength (-4).
   It affects your intelligence (+2).
   It protects you from fire.
   It affects your resistance to hostile enchantments.
 B - the ring "Piymu" {+Blink rC+ Int+2 SInv}
   (You found it on level 10 of the Dungeon)

   [ring of see invisible]

   It affects your intelligence (+2).
   It protects you from cold.
   It lets you see invisible.
   It lets you blink.
 L - the ring of Edais (left hand) {*Contam rPois rC+++}
   (You bought it in a shop on level 4 of the Depths)

   [ring of poison resistance]

   It renders you almost immune to cold.
   It protects you from poison.
   It causes magical contamination when unequipped.
 M - a ring of fire (right hand)
   (You found it on level 2 of the Lair of Beasts)
Wands
 a - a wand of acid (12)
   (You found it on level 1 of the Lair of Beasts)
 k - a wand of clouds (3)
   (You found it on level 1 of the Depths)
 v - a wand of digging (4)
   (You found it on level 5 of the Lair of Beasts)
 C - a wand of iceblast (8)
   (You took it off an orc warrior on level 8 of the Dungeon)
 F - a wand of enslavement (23)
   (You found it on level 9 of the Dungeon)
 V - a wand of scattershot (3)
   (You found it on level 14 of the Dungeon)
Scrolls
 j - 4 scrolls of brand weapon
 m - 2 scrolls of immolation
 o - 13 scrolls of fear
 r - 7 scrolls of identify
 t - 8 scrolls of teleportation
 x - 13 scrolls of remove curse
 z - 3 scrolls of blinking
 E - 6 scrolls of fog
 H - a scroll of holy word
 K - a scroll of magic mapping
 Q - a scroll of summoning
Potions
 c - 4 potions of ambrosia
 d - 4 potions of might
 g - 3 potions of mutation
 h - 7 potions of flight
 l - 11 potions of lignification
 n - 3 potions of resistance
 q - 7 potions of curing
 s - 4 potions of haste
 w - a potion of heal wounds
 G - 2 potions of cancellation
 N - a potion of magic {unknown}
 P - 3 potions of berserk rage
Miscellaneous
 R - a phial of floods
   (You found it on level 6 of the Lair of Beasts)
Comestibles
 e - 50 rations


   Skills:
 + Level 22.1 Fighting
 - Level 18.0 Axes
 + Level 22.1 Armour
 + Level 18.5 Dodging
 + Level 22.1 Shields
 - Level 9.0 Invocations


You had 21 spell levels left.
You didn't know any spells.
Your spell library was empty.

Dungeon Overview and Level Annotations

Branches:
Dungeon (15/15)            Temple (1/1) D:7            Lair (6/6) D:8
  Swamp (4/4) Lair:4        Snake (4/4) Lair:2        Slime (0/5) Lair:6
    Orc (2/2) D:12            Elf (0/3) Orc:2        Vaults (5/5) D:14
  Crypt (0/3) Vaults:2     Depths (5/5) D:15            Zot (4/5) Depths:5
  IceCv (visited)

Altars:
Ashenzari
Cheibriados
Dithmenos
Elyvilon
Fedhas
Hepliaklqana
Kikubaaqudgha
Makhleb
Nemelex Xobeh
Okawaru
Ru
Sif Muna
Trog
Vehumet
Wu Jian
Xom
Yredelemnul
Zin
The Shining One
Beogh

Shops:
D:6 ?   D:7 *   D:13 *   Orc:2 :*([   Snake:2 *[?(   Vaults:2 ?   Depths:4 }==

Portals:
Hell: Depths:1 Depths:2 Depths:5
Pandemonium: Depths:1

Annotations:
D:7 1 runed translucent door, gruber's ghost, novice DsIE
Lair:1 2 transporters


Innate Abilities, Weirdness & Mutations

You reflexively headbutt those who attack you in melee.
You have a pair of horns on your head.
You are dopey. (Int -2)
You are frail. (-10% HP)
Your spells are a little harder to cast, but a little more powerful.


Message History

You slash the orb of fire!
Your shield and crystal plate armour prevent you from hitting the yellow draconian.
You slice the storm dragon!! You slash the storm dragon!
You kill the storm dragon!
Cheibriados thoroughly appreciates the change of pace.
You slash the black draconian monk!
The storm dragon bites you but does no damage.
You block the storm dragon's attack. The storm dragon barely misses you.
You block the yellow draconian's attack.
A red draconian comes into view. It is wielding a +0 short sword.
Unknown command.
You hit the storm dragon.
The storm dragon is severely wounded.
You slash the yellow draconian! You slash the orb of fire!
You miss the black draconian monk.
The moth of wrath goads the black draconian monk on!
The black draconian monk goes berserk!
You block the yellow draconian's attack.
The black draconian monk hits you!!
You die...

,,,,,,,,,,,,,*
#)#.....'.......*
,,,,**********
#)###.###.......*
*****
##.###.#**,,.....*
##§.≈##..,,,,,....*
##≈≈.≈≈####*,,,,,,,#
###≈≈≈.≈≈≈###*,,,,,,,#
#≈≈≈§...≈≈≈≈#*,,,,,,,#
#≈≈≈q)D..≈≈≈#********#
##≈..@)...≈## ***#
#≈≈.y*dp..≈≈# *...
#≈≈..yy...≈≈# *.##
##≈.(y....§## #,**
*#≈≈..d.§≈§#* *,,,
***≈§≈≈...§≈≈≈#** ****
***≈.§......q..≈§≈***
*≈≈≈§.§.^.d.....≈≈≈≈*
*≈,,,,,,,,,,,,,,,,,≈*


You could see an orb of fire, a Killer Klown, a black draconian monk (berserk),
a storm dragon, a yellow draconian (berserk), a red draconian, a white
draconian, a black draconian annihilator and 4 moths of wrath.

Vanquished Creatures
  An ancient lich (Vaults:5)
  A juggernaut (Depths:4)
  Margery (Vaults:4)
  the Lernaean hydra (Swamp:4)
  Frederick (Vaults:3)
  A Killer Klown (Zot:3)
  Saint Roka (Snake:4)
  Vashnia (Snake:4)
  Nikola (Snake:1)
  6 golden dragons
  2 curse toes
  An electric golem (Zot:4)
  4 tentacled monstrosities
  4 quicksilver dragons
  2 liches
  Frances (Swamp:1)
  2 sphinxes
  5 storm dragons
  3 tengu reavers (Vaults:5)
  Agnes (Snake:4)
  2 thorn hunters
  2 draconian monks
  7 shadow dragons
  Roxanne (Snake:2)
  10 nagarajas
  3 deep elf sorcerers (Vaults:3)
  An orc warlord (Orc:1)
  13 vault wardens
  A balrug (Depths:1)
  A draconian knight (Zot:4)
  6 fire giants
  5 draconian scorchers
  A ghost moth (Zot:4)
  2 iron dragons
  A draconian stormcaller (Zot:3)
  3 draconian shifters
  7 ironheart preservers
  Aizul (Snake:2)
  A deep elf elementalist (Vaults:5)
  9 stone giants
  15 very ugly things
  2 draconian annihilators (Zot:4)
  4 green draconians
  4 entropy weavers
  Nessos (Lair:6)
  A deep elf annihilator (Vaults:3)
  7 white draconians
  2 deep elf demonologists
  3 black draconians
  A dire elephant (Lair:6)
  7 purple draconians
  6 yellow draconians
  7 red draconians
  11 ettins
  3 fire dragons
  10 yaktaur captains
  Harold (D:7)
  7 rakshasas
  7 ice dragons
  3 great orbs of eyes
  26 vault guards
  13 hydras
  A deep elf high priest (Depths:5)
  3 catoblepae
  2 ghost crabs (Swamp:4)
  3 centaur warriors
  Erica (D:11)
  13 naga warriors
  5 anacondas
  3 death yaks (Lair:6)
  2 death knights
  4 ogre magi
  29 two-headed ogres
  A two-headed ogre (shapeshifter) (Vaults:5)
  3 deep troll shamans
  7 alligators
  4 tengu warriors (Depths:1)
  5 deep troll earth magi (Depths:1)
  16 naga sharpshooters
  An orc high priest (Orc:2)
  13 shock serpents
  3 hell knights (Vaults:4)
  A shock serpent (shapeshifter) (D:15)
  Sonja (D:11)
  2 salamander mystics
  3 deep elf knights
  3 shadow wraiths
  2 iron trolls (Depths:5)
  3 skeletal warriors
  5 naga ritualists
  A sea snake (Snake:1)
  A flayed ghost (Depths:1)
  17 deep trolls
  7 swamp dragons
  A wizard (Depths:4)
  3 glowing orange brains
  3 necromancers (Vaults:4)
  13 ironbrand convokers
  13 orc knights
  8 deep elf archers
  3 harpies (Vaults:3)
  A lindwurm (Lair:6)
  A mana viper (shapeshifter) (Vaults:4)
  2 harpies (shapeshifter)
  6 mana vipers
  7 orc sorcerers
  11 cyclopes
  65 ugly things
  8 moths of wrath
  10 salamanders
  11 deep elf magi
  4 manticores
  2 wolf spiders
  2 elephants (Lair:6)
  2 ice statues (IceCv)
  Joseph (D:7)
  10 guardian serpents
  18 naga magi
  A torpor snail (Lair:6)
  38 black mambas
  11 vault sentinels
  Psyche (D:8)
  4 centaur skeletons
  2 efreet
  13 spiny frogs
  3 rime drakes
  A rime drake (shapeshifter) (D:14)
  2 ice devils (IceCv)
  8 komodo dragons
  A kobold demonologist (D:13)
  3 freezing wraiths
  34 yaktaurs
  A tengu conjurer (Depths:2)
  2 red devils (Depths:1)
  A jumping spider (shapeshifter) (Vaults:3)
  A jumping spider (Vaults:3)
  7 trolls
  8 hornets
  3 meliai (D:15)
  A tengu simulacrum (Vaults:3)
  A troll (shapeshifter) (D:14)
  10 bog bodies
  A wind drake (shapeshifter) (Vaults:2)
  Grinder (D:6)
  10 dream sheep
  23 slime creatures
  8 blink frogs
  5 tyrant leeches
  6 redbacks
  A spriggan (shapeshifter) (Depths:1)
  7 hippogriffs
  4 shadows
  Sigmund (D:3)
  A tarantella (shapeshifter) (D:15)
  2 wraiths
  A wyvern (D:8)
  A tarantella (Vaults:4)
  28 yaks
  Eustachio (D:4)
  A human (D:7)
  A fire elemental (Depths:5)
  6 hogs
  A yak (shapeshifter) (D:15)
  3 basilisks
  3 hungry ghosts
  A basilisk (shapeshifter) (Vaults:5)
  A steam dragon (D:9)
  16 vampire mosquitoes
  6 wargs
  6 swamp worms
  10 insubstantial wisps
  A soldier ant (shapeshifter) (D:14)
  48 nagas
  12 water moccasins
  2 acid dragons (Vaults:2)
  Duvessa (D:6)
  11 porcupines
  38 orc warriors
  13 swamp drakes
  6 ice beasts
  2 sky beasts
  3 phantoms
  2 black bears
  2 eyes of draining (D:12)
  3 boggarts (Vaults:2)
  A necrophage (D:12)
  A wolf (Lair:6)
  A tengu (shapeshifter) (Vaults:4)
  21 ogres
  10 centaurs
  A centaur (shapeshifter) (Vaults:4)
  17 crocodiles
  4 big kobolds
  22 bullfrogs
  6 earth elementals (Depths:1)
  A wyvern skeleton (D:14)
  3 scorpions
  Dowan (D:6)
  5 troll zombies (D:12)
  9 killer bees
  13 wights
  2 howler monkeys
  2 centaur zombies
  12 crimson imps
  4 quasits
  A bullfrog zombie (D:9)
  Crazy Yiuf (D:4)
  24 orc priests
  2 bullfrog skeletons
  6 hounds
  8 jellies
  25 orc wizards
  Jessica (D:3)
  Natasha (D:4)
  4 iguanas
  6 worker ants
  An ogre zombie (D:12)
  A hound skeleton (D:8)
  2 worker ant zombies
  Robin (D:4)
  A howler monkey skeleton (D:9)
  28 adders
  4 shadow imps
  9 white imps (IceCv)
  2 ufetubi (IceCv)
  8 oozes
  2 adder skeletons
  An adder zombie (D:6)
  A worm (D:3)
  6 dart slugs
  7 leopard geckos
  69 orcs
  3 ball pythons
  7 giant cockroaches
  15 goblins
  14 hobgoblins
  9 jackals
  5 quokkas
  4 bats
  6 frilled lizards
  3 goblin zombies (D:12)
  A hobgoblin skeleton (D:12)
  2 hobgoblin zombies (D:12)
  A jackal skeleton (D:5)
  A jackal zombie (D:6)
  19 kobolds
  A kobold (shapeshifter) (Depths:5)
  A leopard gecko skeleton (D:8)
  2 orc skeletons (D:12)
  9 orc zombies (D:12)
  A quokka skeleton (D:5)
  8 rats
  2 briar patches (Swamp:4)
  22 fungi
  4 plants
1583 creatures vanquished.

Vanquished Creatures (collateral kills)
  Kirke (Lair:6)
  A revenant (Vaults:2)
  A vault warden (Vaults:2)
  An ettin (Vaults:1)
  2 hydras
  An anaconda (Snake:1)
  A naga warrior (Snake:3)
  A death knight (D:14)
  3 naga sharpshooters
  2 skeletal warriors
  An unseen horror (D:14)
  2 deep trolls (Vaults:1)
  A flayed ghost (Vaults:2)
  A swamp dragon (Swamp:4)
  A lindwurm (Lair:6)
  An orc knight (Orc:2)
  A mana viper (Snake:2)
  3 cyclopes
  2 oklob plants (Lair:5)
  2 salamanders
  2 manticores
  4 ugly things
  A vault sentinel (Vaults:2)
  3 black mambas
  A centaur zombie (D:15)
  3 komodo dragons
  2 yaktaurs (Vaults:2)
  A troll (D:12)
  5 slime creatures
  2 wraiths (D:12)
  3 yaks (Lair:1)
  A basilisk (Lair:1)
  A swamp worm (Swamp:4)
  2 vampire mosquitoes
  6 nagas
  2 wargs
  A water moccasin (Lair:2)
  3 orc warriors
  A boggart (Vaults:2)
  3 crocodiles
  3 bullfrogs
  3 orc wizards
  14 orcs
  A kobold (D:12)
  2 hobgoblin skeletons (D:12)
99 creatures vanquished.

Vanquished Creatures (others)
  A vault warden (Vaults:4)
  A hydra (Swamp:4)
  A centaur warrior (Vaults:4)
  A naga sharpshooter (Snake:1)
  A deep elf archer (Vaults:4)
  A swamp dragon (Swamp:4)
  4 yaktaurs (Vaults:4)
  3 insubstantial wisps (Swamp:4)
  2 swamp drakes (Swamp:4)
  A centaur (Vaults:4)
  An orc wizard (D:11)
  2 white imps (IceCv)
  2 ufetubi (IceCv)
  14 briar patches (Swamp:4)
  17 fungi
  4 plants
56 creatures vanquished.

Grand Total: 1738 creatures vanquished

Notes
Turn   | Place    | Note
-------+----------+-------------------------------------------
     0 | D:1      | Flugslaktarn the Minotaur Fighter began the quest for the
                  | Orb.
     0 | D:1      | Reached XP level 1. HP: 19/19 MP: 0/0
    34 | D:1      | Reached XP level 2. HP: 25/27 MP: 1/1
   432 | D:1      | Reached XP level 3. HP: 33/33 MP: 2/2
   955 | D:2      | Reached XP level 4. HP: 39/40 MP: 3/3
  1410 | D:3      | Noticed Jessica
  1417 | D:3      | Killed Jessica
  1438 | D:3      | Reached XP level 5. HP: 43/47 MP: 4/4
  1726 | D:3      | Noticed Sigmund
  1734 | D:3      | Killed Sigmund
  1734 | D:3      | Reached skill level 5 in Fighting
  1734 | D:3      | Reached skill level 5 in Axes
  1734 | D:3      | Reached skill level 5 in Armour
  1734 | D:3      | Reached skill level 5 in Shields
  1734 | D:3      | Reached XP level 6. HP: 49/56 MP: 5/5
  2357 | D:4      | Noticed Eustachio
  2779 | D:4      | Killed Eustachio
  2779 | D:4      | Reached XP level 7. HP: 48/61 MP: 6/6
  2909 | D:4      | Found a runed translucent door.
  2910 | D:4      | Noticed Crazy Yiuf
  2932 | D:4      | Noticed Natasha
  2951 | D:4      | Killed Natasha
  3012 | D:4      | Found a blossoming altar of Fedhas.
  3018 | D:4      | Noticed Robin
  3040 | D:4      | Killed Robin
  3374 | D:4      | Killed Crazy Yiuf
  3528 | D:5      | Entered Level 5 of the Dungeon
  3822 | D:5      | Reached XP level 8. HP: 43/70 MP: 7/7
  4776 | D:6      | Found Loazu's Magic Scroll Shop.
  5126 | D:6      | Found a radiant altar of Vehumet.
  5127 | D:6      | Found a burning altar of Makhleb.
  5164 | D:6      | Noticed Duvessa
  5164 | D:6      | Noticed Dowan
  5173 | D:6      | Killed Dowan
  5180 | D:6      | Killed Duvessa
  5444 | D:6      | Reached XP level 9. HP: 74/79 MP: 8/8
  5593 | D:6      | Noticed Grinder
  5604 | D:6      | Killed Grinder
  5752 | D:7      | Found a staircase to the Ecumenical Temple.
  5752 | D:7      | Noticed Joseph
  5770 | D:7      | Killed Joseph
  5775 | D:7      | Reached skill level 10 in Axes
  5778 | Temple   | Entered the Ecumenical Temple
  6043 | Temple   | Became a worshipper of Cheibriados the Contemplative
  6098 | D:7      | Noticed gruber's ghost (novice DsIE)
  6129 | D:7      | Noticed Harold
  6161 | D:7      | Killed Harold
  6608 | D:7      | Found a bloodstained altar of Trog.
  6623 | D:7      | Reached XP level 10. HP: 76/90 MP: 10/10
  6769 | D:7      | Reached * piety under Cheibriados
  7143 | D:7      | Found a runed translucent door.
  7308 | D:7      | Found Suacaqal's Assorted Antiques.
  7312 | D:7      | Bought a scroll labeled XUANAE DUCIDD for 27 gold pieces
  7567 | D:8      | Reached ** piety under Cheibriados
  7584 | D:8      | Noticed Psyche
  7593 | D:8      | Killed Psyche
  7635 | D:8      | Noticed a two-headed ogre
  7644 | D:8      | Killed a two-headed ogre
  7905 | D:8      | Found a staircase to the Lair.
  7988 | D:8      | Noticed a two-headed ogre
  7997 | D:8      | Killed a two-headed ogre
  8301 | D:8      | Noticed a two-headed ogre
  8307 | D:8      | Killed a two-headed ogre
  8307 | D:8      | Reached XP level 11. HP: 97/97 MP: 13/13
  8619 | D:8      | Found an ancient bone altar of Kikubaaqudgha.
  8844 | D:9      | Reached *** piety under Cheibriados
  9013 | D:9      | Noticed a two-headed ogre
  9019 | D:9      | Killed a two-headed ogre
  9477 | D:9      | Found a shimmering blue altar of Sif Muna.
  9605 | D:9      | Reached skill level 10 in Armour
  9605 | D:9      | Reached skill level 5 in Invocations
  9660 | D:9      | Reached skill level 10 in Shields
  9938 | D:9      | Reached skill level 10 in Fighting
  9942 | D:9      | Reached **** piety under Cheibriados
 10105 | D:10     | Entered Level 10 of the Dungeon
 10318 | D:10     | Found a shadowy altar of Dithmenos.
 10377 | D:10     | Got a clouded marble ring
 10676 | D:11     | Reached ***** piety under Cheibriados
 11147 | D:11     | Noticed Erica
 11155 | D:11     | Killed Erica
 11307 | D:11     | Noticed Sonja
 11319 | D:11     | Killed Sonja
 11319 | D:11     | Reached XP level 12. HP: 101/108 MP: 15/15
 11786 | Lair:1   | Entered Level 1 of the Lair of Beasts
 11790 | Lair:1   | Identified a scroll of acquirement
 11791 | Lair:1   | Found the +14 obsidian axe {vorpal, +Fly SInv *Curse}
 11795 | Lair:1   | Identified the ring "Piymu" {+Blink rC+ Int+2 SInv} (You
                  | found it on level 10 of the Dungeon)
 11807 | Lair:1   | Found a transporter.
 12075 | Lair:1   | Found a transporter.
 12604 | Lair:2   | Reached ****** piety under Cheibriados
 12950 | Lair:2   | Found a staircase to the Snake Pit.
 13702 | Lair:3   | Reached skill level 15 in Axes
 14371 | Lair:4   | Found a staircase to the Swamp.
 14443 | Lair:4   | Reached XP level 13. HP: 108/116 MP: 17/17
 14469 | Lair:4   | Found a frozen archway.
 14481 | IceCv    | Entered an ice cave
 15692 | Lair:4   | Got a dazzling chain mail
 15703 | Lair:4   | Identified the cursed +1 chain mail of the Hot Ocelot
                  | {Int+5 Dex-4} (You found it on level 4 of the Lair of
                  | Beasts)
 16182 | Lair:5   | Reached skill level 1 in Dodging
 16560 | Lair:5   | Found a snail-covered altar of Cheibriados.
 17129 | Lair:6   | Entered Level 6 of the Lair of Beasts
 17194 | Lair:6   | Found a staircase to the Slime Pits.
 17658 | Lair:6   | Noticed Nessos
 17673 | Lair:6   | Killed Nessos
 18174 | Lair:6   | Noticed Kirke
 18185 | Lair:6   | Killed Kirke
 18195 | Lair:6   | Noticed a dire elephant
 18202 | Lair:6   | Killed a dire elephant
 18413 | Lair:6   | Reached XP level 14. HP: 79/127 MP: 12/19
 19216 | D:12     | Found a staircase to the Orcish Mines.
 20134 | D:13     | Found Ritoenyi's General Store.
 20153 | D:13     | Bought a scroll of fear for 49 gold pieces
 20201 | D:13     | Found a flagged portal.
 20317 | D:13     | You fall into a shaft and drop 2 floors!
 20317 | D:15     | Entered Level 15 of the Dungeon
 20967 | D:13     | Reached skill level 5 in Dodging
 21345 | D:14     | Found a blossoming altar of Fedhas.
 21452 | D:14     | Found a shadowy altar of Dithmenos.
 21859 | D:14     | You fall into a shaft and drop 1 floor!
 21914 | D:15     | Reached XP level 15. HP: 136/136 MP: 20/20
 22165 | D:14     | Found a gate to the Vaults.
 22698 | D:15     | Found a staircase to the Depths.
 23207 | Orc:1    | Entered Level 1 of the Orcish Mines
 23268 | Orc:1    | Found a roughly hewn altar of Beogh.
 23400 | Orc:1    | Noticed an orc warlord
 23449 | Orc:1    | Killed an orc warlord
 23622 | Orc:2    | Entered Level 2 of the Orcish Mines
 23631 | Orc:2    | Found Zaqealoh's General Store.
 23985 | Orc:2    | Found Paoxtil's Antique Weapon Emporium.
 24340 | Orc:2    | Found a staircase to the Elven Halls.
 24370 | Orc:2    | Found Hiroi's Antique Armour Shoppe.
 24462 | Orc:2    | Found Nyonko's Book Emporium.
 25244 | Swamp:1  | Entered Level 1 of the Swamp
 25245 | Swamp:1  | Noticed Frances
 25257 | Swamp:1  | Gained mutation: Your spells are a little easier to cast,
                  | but a little less powerful. [a neqoxec]
 25258 | Swamp:1  | Killed Frances
 25535 | Swamp:2  | Noticed a thorn hunter
 25552 | Swamp:2  | Killed a thorn hunter
 25940 | Swamp:2  | Reached XP level 16. HP: 147/147 MP: 21/21
 26426 | Swamp:4  | Entered Level 4 of the Swamp
 26441 | Swamp:4  | Reached skill level 15 in Fighting
 26441 | Swamp:4  | Reached skill level 15 in Armour
 26444 | Swamp:4  | Reached skill level 15 in Shields
 26585 | Swamp:4  | Noticed a thorn hunter
 26597 | Swamp:4  | Killed a thorn hunter
 26668 | Swamp:4  | Reached skill level 10 in Dodging
 27067 | Swamp:4  | Noticed the 27-headed Lernaean hydra
 27071 | Swamp:4  | Killed the 26-headed Lernaean hydra
 27144 | Swamp:4  | Got a decaying rune of Zot
 27432 | Snake:1  | Entered Level 1 of the Snake Pit
 27839 | Snake:1  | Noticed Nikola
 27847 | Snake:1  | Killed Nikola
 28655 | Snake:2  | Reached XP level 17. HP: 119/158 MP: 17/22
 28806 | Snake:2  | Found Bakloono's Magic Scroll Shoppe.
 28806 | Snake:2  | Found Peall's Armour Emporium.
 28807 | Snake:2  | Found Danaiqaq's Antique Weapon Shoppe.
 28863 | Snake:2  | Found Hyfuteq's Assorted Antiques.
 28866 | Snake:2  | Bought a scroll of enchant weapon for 97 gold pieces
 28866 | Snake:2  | Bought a scroll of enchant weapon for 97 gold pieces
 28866 | Snake:2  | Bought a scroll of enchant weapon for 97 gold pieces
 28872 | Snake:2  | Bought a +0 crystal plate armour for 1520 gold pieces
 29590 | Snake:2  | Noticed Aizul
 29603 | Snake:2  | Killed Aizul
 30117 | Snake:2  | Identified Roxanne's Guide on the Mountains
 30117 | Snake:2  | Noticed Roxanne
 30132 | Snake:2  | Killed Roxanne
 30704 | Snake:4  | Entered Level 4 of the Snake Pit
 30834 | Snake:4  | Noticed Saint Roka
 30837 | Snake:4  | Noticed Agnes
 30844 | Snake:4  | Killed Agnes
 30851 | Snake:4  | Killed Saint Roka
 31688 | Snake:4  | Noticed Vashnia
 32256 | Snake:4  | Reached XP level 18. HP: 148/170 MP: 20/23
 32818 | Snake:4  | Killed Vashnia
 33097 | Snake:4  | Got a serpentine rune of Zot
 33540 | Vaults:1 | Entered Level 1 of the Vaults
 33999 | Vaults:2 | Found a staircase to the Crypt.
 34173 | Vaults:2 | Found Muigeishoxt's Magic Scroll Shoppe.
 34178 | Vaults:2 | Bought a scroll of enchant weapon for 105 gold pieces
 34178 | Vaults:2 | Bought a scroll of enchant weapon for 105 gold pieces
 34808 | Vaults:3 | Reached XP level 19. HP: 109/180 MP: 15/24
 35100 | Vaults:3 | Noticed Frederick
 35106 | Vaults:3 | Killed Frederick
 35273 | Vaults:3 | Gained mutation: You are dopey. (Int -2) [mutagenic glow]
 35298 | Vaults:3 | Gained mutation: Your spells are easier to cast, but less
                  | powerful. [mutagenic glow]
 35325 | Vaults:3 | Gained mutation: You occasionally shout uncontrollably at
                  | your foes. [mutagenic glow]
 35350 | Vaults:3 | Gained mutation: Armour fits poorly on your strangely
                  | shaped body. [mutagenic glow]
 35578 | Vaults:3 | Lost mutation: Armour fits poorly on your strangely shaped
                  | body. [potion of mutation]
 35578 | Vaults:3 | Lost mutation: Your spells are easier to cast, but less
                  | powerful. [potion of mutation]
 35578 | Vaults:3 | Lost mutation: You occasionally shout uncontrollably at
                  | your foes. [potion of mutation]
 35578 | Vaults:3 | Lost mutation: Your spells are a little easier to cast, but
                  | a little less powerful. [potion of mutation]
 35578 | Vaults:3 | Gained mutation: Your spells are a little harder to cast,
                  | but a little more powerful. [potion of mutation]
 36366 | Vaults:4 | Noticed Margery
 36859 | Vaults:4 | Killed Margery
 37038 | Vaults:4 | Noticed a golden dragon
 37048 | Vaults:4 | Killed a golden dragon
 37055 | Vaults:4 | Reached skill level 15 in Dodging
 37900 | Vaults:4 | Identified the amulet "Uddo" {Spirit rF+ MR+ Str-4 Int+2}
 37925 | Vaults:4 | Reached XP level 20. HP: 191/191 MP: 25/25
 38491 | Vaults:5 | Entered Level 5 of the Vaults
 38703 | Vaults:5 | Noticed an ancient lich
 38717 | Vaults:5 | Killed an ancient lich
 38744 | Vaults:5 | Noticed a golden dragon
 38770 | Vaults:5 | Killed a golden dragon
 39100 | Vaults:5 | Noticed a golden dragon
 39106 | Vaults:5 | Killed a golden dragon
 39106 | Vaults:5 | Reached XP level 21. HP: 194/202 MP: 26/26
 39126 | Vaults:5 | Got a silver rune of Zot
 39539 | Depths:1 | Entered Level 1 of the Depths
 39699 | Depths:1 | Found a one-way gate leading to the halls of Pandemonium.
 39898 | Depths:1 | Found a gateway to Hell.
 40803 | Depths:4 | Found Gaitip's Jewellery Emporium.
 40804 | Depths:4 | Found Lomi's Gadget Shop.
 40806 | Depths:4 | Found Kack's Jewellery Emporium.
 40815 | Depths:4 | Bought the ring of Edais {*Contam rPois rC+++} for 902 gold
                  | pieces
 40851 | Depths:5 | Entered Level 5 of the Depths
 40859 | Depths:5 | Noticed a juggernaut
 40878 | Depths:4 | Killed a juggernaut
 41385 | Depths:5 | Found a gate to the Realm of Zot.
 41413 | Depths:5 | Reached XP level 22. HP: 138/213 MP: 17/27
 41427 | Zot:1    | Entered Level 1 of the Realm of Zot
 41431 | Zot:1    | Noticed a curse toe
 41435 | Zot:1    | Killed a curse toe
 41972 | Zot:4    | Noticed a golden dragon
 41975 | Zot:4    | Noticed a golden dragon
 41985 | Zot:4    | Killed a golden dragon
 41988 | Zot:4    | Killed a golden dragon
 42343 | Zot:4    | Noticed a curse toe
 42399 | Zot:4    | Killed a curse toe
 42701 | Zot:3    | Noticed a Killer Klown
 42711 | Zot:3    | Killed a Killer Klown
 43281 | Zot:4    | Noticed a golden dragon
 43292 | Zot:4    | Killed a golden dragon
 43641 | Zot:4    | Noticed a Killer Klown
 43650 | Zot:4    | Noticed an orb of fire
 43651 | Zot:4    | Gained mutation: You are frail. (-10% HP) [an orb of fire]
 43651 | Zot:4    | HP: 4/193 [black draconian monk (7)]
 43656 | Zot:4    | Mangled by a black draconian monk

Levels and vault maps discovered:
D:1:      scummos_arrival_star, layout_basic
D:2:      layout_rooms, first_ration
D:3:      layout_rooms, uniq_sigmund, uniq_jessica
D:4:      layout_gridville, kennysheep_little_box, minmay_misc_feat_plants,
          uniq_crazy_yiuf_cottage, uniq_natasha, uniq_robin, uniq_eustachio
D:5:      layout_loops_cross
D:6:      layout_loops_cross, grunt_temple_overflow_lords_of_destruction,
          serial_shops, shop, uniq_grinder, uniq_duvessa
D:7:      layout_basic, old_standard_altar, minmay_temple_entry_overgrown,
          hellmonk_ghost_happy_afterlife, serial_shops, nicolae_shop_stone,
          grunt_livestock, roderic_lattice_a, uniq_harold, uniq_joseph
D:8:      layout_basic, marbit_many_paths, grunt_lair_entry_orc_guard_hut,
          uniq_psyche
D:9:      minmay_angry_zag, layout_loops_corners, led_sif_pool
D:10:     layout_roguey, basic_altar
D:11:     layout_loops_corners, uniq_sonja, uniq_erica
D:12:     layout_long_grid, zombieorc1_lemuel
D:13:     layout_loops_corners, serial_shops, shop_coins, enter_bailey_2,
          chequers_serial_rivers_micro_c
D:14:     layout_irregular_city, david_vaults_4, fedhas_altar_fruit_tree,
          chequers_serial_rivers_micro_a, hangedman_decor_riveting,
          nicolae_dithmenos_through_a_glass_darkly
D:15:     gammafunk_enter_depths_forms, layout_basic, serial_park_tiny_pond,
          minmay_crystal_room
Temple:   regret_index_temple_sphere_string
Lair:1:   gammafunk_cloud_chamber, layout_chaotic_city,
          eino_small_chamber_without_monster, grunt_megastairs_2,
          serial_bayou_shore_b
Lair:2:   layout_chaotic_city, minmay_snake_entry_six_corridors, minivault_11,
          lemuel_fruit_tree
Lair:3:   layout_loops_ring, serial_bayou_shore_b, grunt_megastairs_5,
          serial_bayou_shore_b
Lair:4:   layout_roguey, minmay_swamp_entry_swarm,
          portal_ice_cave_entry_pillars_1
Lair:5:   layout_layer_cave, basic_altar, beast_lair_carwin_3,
          minmay_lair_oklob_chamber
Lair:6:   hangedman_lair_in_review, layout_long_grid,
          nicolae_slime_entry_slimehenge, gauntlet_entry_generic,
          serial_bayou_shore_b, serial_bayou_shore_b, uniq_kirke, uniq_nessos
Swamp:1:  layout_basic_swamp, hangedman_swamp_blocks, swamp_pool4, uniq_frances
Swamp:2:  layout_basic_swamp, evilmike_swamp_ruin_house_1
Swamp:3:  layout_falls_marsh, nicolae_swamp_fairy_circle,
          infiniplex_staircase_pool_2
Swamp:4:  grunt_swamp_rune_castle, layout_basic_swamp
Snake:1:  layout_basic, uniq_nikola
Snake:2:  layout_cave_shapes, grunt_megastairs_3, minmay_shoptagon,
          uniq_roxanne, uniq_aizul
Snake:3:  layout_misc_corridors, evilmike_ambush [evilmike_ambush_outer_pillars,
          evilmike_ambush_inner_cross]
Snake:4:  johnstein_snake_rune_scales, layout_onion, uniq_saint_roka, uniq_agnes
Orc:1:    cheibrodos_orc_arena, layout_caves, mines2_david
Orc:2:    grunt_orc_gardens, layout_caves, grunt_orc_garden, grunt_orc_garden,
          grunt_orc_garden, grunt_orc_garden
Vaults:1: vaults_dpeg_cross, v_misc_2, dpeg_vaults_monster_row,
          hangedman_vaults_snaps, v_misc_24, nicolae_vaults_alarming,
          vaults_room_door_ring, hangedman_vaults_cutoff,
          ontoclasm_vaults_pinch, v_pattern_5, serial_ice_h,
          layout_vaults_quadrants, basic_altar, portal_desolation_entry_salt,
          serial_shops, shop_fountains
Vaults:2: minmay_crypt_entry_simple_plaza, nicolae_vaults_little_squares_2,
          vaults_dpeg_diagonal, nicolae_vaults_asterisk,
          nicolae_vaults_border_crossing, nicolae_vaults_shelves_hall,
          nicolae_vaults_ring_of_whatevers, layout_vaults_big_room,
          serial_shops, shop
Vaults:3: grunt_vaults_trifunnel, nicolae_vaults_rhombus_6,
          hangedman_vaults_capsules, vaults_room_stairs_pillars, v_misc_14,
          nicolae_vaults_triangles, v_misc_8, ontoclasm_vaults_twist,
          vaults_room_semicircle, vaults_room_boxed, vaults_mumra_chevron_long,
          nicolae_vaults_ring_of_whatevers, vaults_mumra_hexcomb,
          grunt_vaults_hallway_short, layout_vaults_maze_snakey, uniq_frederick
Vaults:4: v_misc_18, nicolae_vaults_theta, nicolae_vaults_ring_of_whatevers,
          nicolae_vaults_what_the_h, nicolae_vaults_little_squares_4, st_cross,
          ontoclasm_vaults_idyll, hangedman_vaults_unwind, v_misc_30, v_misc_27,
          layout_vaults_ring, uniq_margery
Vaults:5: uniq_jory
Depths:1: hangedman_six_sided_sadism, layout_gridlike, rand_demon_pan_entry_5,
          hellmouth_1, chequers_decorated_corner, hangedman_cracks_in_the_wall
Depths:2: grunt_runaround [grunt_runaround_doors_1, grunt_runaround_doors_2,
          grunt_runaround_doors_3, grunt_runaround_doors_4,
          grunt_runaround_loot], hell_entry, uniq_bai_suzhen
Depths:3: onia_ninara_swampy_vault, layout_basic, serial_shops, shop,
          grunt_pan_entry_sceptre, glass_columns_b, pf_coc_iceberg,
          nicolae_abyss_entry_one_way_or_another, st_stairs_12
Depths:4: minmay_nine_rooms, layout_gridlike, hangedman_geh_valley,
          dk_noncrumbling_2, abyss_entry, firewood_loft,
          minmay_staircase_statues, minmay_shop_grove, uniq_mara, uniq_sojobo
Depths:5: grunt_zot_entry_tricorne, layout_basic, enter_ziggurat_b, hell_entry,
          nicolae_trove_entry_free_sample, serial_sigils_hangedman_gut
Zot:1:    layout_gridlike
Zot:2:    layout_basic
Zot:3:    layout_twisted_circle
Zot:4:    grunt_zot_stairs_mandelzot, layout_basic, grunt_ministairs_14,
          st_single_dragon_hoard_2

Skill      XL: |  1  2  3  4  5  6  7  8  9 10 11 12 13 14 15 16 17 18 19 20 21 22 |
---------------+-------------------------------------------------------------------+-----
Axes           | 3 4 5 6 7 9 10 12 13 15 16 17 18 | 18.0
Armour         | 4 5 6 7 8 9 10 11 12 13 14 16 17 18 19 20 21 22 | 22.1
Shields        | 4 5 6 7 8 9 10 11 12 13 14 16 17 18 19 20 21 22 | 22.1
Fighting       | 4 5 6 7 8 9 10 11 12 13 14 16 17 18 19 20 21 22 | 22.1
Invocations    | 2 4 6 7 8 9 |  9.0
Dodging        | 3 6 8 10 12 13 15 16 17 18 | 18.5

Action                   |  1- 3 |  4- 6 |  7- 9 | 10-12 | 13-15 | 16-18 | 19-21 | 22-24 || total
-------------------------+-------+-------+-------+-------+-------+-------+-------+-------++-------
Melee: War axe           |    81 |   155 |   265 |   382 |       |       |       |       ||   883
       Headbutt          |     8 |    27 |    52 |   159 |   197 |   220 |   302 |   121 ||  1086
       Broad axe         |       |       |       |   141 |   671 |   728 |   810 |   298 ||  2648
Invok: Slouch            |       |       |       |       |       |     5 |     3 |       ||     8
 Abil: Evoke Flight      |       |       |       |       |       |     1 |       |       ||     1
Evoke: Wand              |       |       |       |     1 |     2 |       |       |     1 ||     4
  Use: Scroll            |       |       |    13 |    14 |    11 |    14 |     3 |     6 ||    61
       Potion            |       |       |     2 |       |       |     7 |     7 |     5 ||    21
 Stab: Paralysed         |       |       |       |     4 |     2 |       |       |       ||     6
       Distracted        |       |       |       |     1 |     4 |    17 |     1 |       ||    23
       Invisible         |       |       |       |       |       |       |     5 |       ||     5
       Petrified         |       |       |       |       |       |       |     8 |       ||     8
       Petrifying        |       |       |       |       |       |       |     2 |       ||     2
  Eat: Chunk             |       |     5 |    11 |    16 |     6 |     2 |     6 |       ||    46
       Ration            |       |       |     1 |       |     5 |     4 |     1 |     1 ||    12
Armor: Scale mail        |    31 |    34 |       |       |       |       |       |       ||    65
       Chain mail        |       |    97 |   112 |   157 |    54 |   149 |       |       ||   569
       Pearl dragon scal |       |       |       |       |    94 |       |       |       ||    94
       Crystal plate arm |       |       |       |       |       |    61 |   115 |    92 ||   268
       Gold dragon scale |       |       |       |       |       |       |    75 |       ||    75
Dodge: Dodged            |    30 |    50 |    39 |    62 |   155 |   330 |   371 |   154 ||  1191
Block: Kite shield       |    41 |   110 |    45 |       |       |       |       |       ||   196
       Tower shield      |       |       |   163 |   550 |   725 |   997 |  1086 |   361 ||  3882
       Reflection        |       |       |       |       |       |       |    45 |       ||    45

Table legend:
 A = Non-vault XP
 B = Vault XP
 C = Vault XP percentage of total XP
 D = Non-vault monster count
 E = Vault monster count
 F = Vault count percentage of total count
                 A         B        C        D         E       F
            +---------+---------+-------+---------+---------+-------
      Total |  457121 |  367464 |  44.6 |    1113 |     550 |  33.1
            +---------+---------+-------+---------+---------+-------
        D:1 |      57 |       0 |   0.0 |      28 |       0 |   0.0
        D:2 |      86 |       0 |   0.0 |      23 |       0 |   0.0
        D:3 |      90 |     264 |  74.6 |      25 |       2 |   7.4
        D:4 |     272 |     318 |  53.9 |      14 |      16 |  53.3
        D:5 |     540 |       0 |   0.0 |      22 |       0 |   0.0
        D:6 |     986 |     534 |  35.1 |      26 |       4 |  13.3
        D:7 |    1147 |    2505 |  68.6 |      21 |       7 |  25.0
        D:8 |    4726 |    1117 |  19.1 |      31 |       7 |  18.4
        D:9 |    3265 |     322 |   9.0 |      44 |       2 |   4.3
       D:10 |    1839 |       0 |   0.0 |      28 |       0 |   0.0
       D:11 |    2255 |    1746 |  43.6 |      23 |       2 |   8.0
       D:12 |    8487 |     783 |   8.4 |      52 |      29 |  35.8
       D:13 |    4751 |       0 |   0.0 |      22 |       0 |   0.0
       D:14 |   16368 |    2594 |  13.7 |      44 |       6 |  12.0
       D:15 |   15907 |    5346 |  25.2 |      42 |      10 |  19.2
     Lair:1 |    2468 |    1773 |  41.8 |      12 |       9 |  42.9
     Lair:2 |    4040 |    1131 |  21.9 |      22 |      14 |  38.9
     Lair:3 |    4334 |     436 |   9.1 |      21 |       2 |   8.7
     Lair:4 |    5488 |    1034 |  15.9 |      24 |       6 |  20.0
     Lair:5 |    4008 |    1913 |  32.3 |      13 |       7 |  35.0
     Lair:6 |    1715 |   12883 |  88.3 |       6 |      30 |  83.3
    Swamp:1 |    2448 |    2365 |  49.1 |       9 |       1 |  10.0
    Swamp:2 |    6490 |       0 |   0.0 |      17 |       0 |   0.0
    Swamp:3 |    7299 |       0 |   0.0 |      19 |       0 |   0.0
    Swamp:4 |   10550 |   19624 |  65.0 |      21 |      30 |  58.8
    Snake:1 |   17161 |    3798 |  18.1 |      29 |       1 |   3.3
    Snake:2 |   13022 |    5418 |  29.4 |      25 |       8 |  24.2
    Snake:3 |    5448 |   13575 |  71.4 |      13 |      18 |  58.1
    Snake:4 |   19052 |   49768 |  72.3 |      43 |      82 |  65.6
      Orc:1 |    5769 |    3429 |  37.3 |      30 |      18 |  37.5
      Orc:2 |    5795 |    8332 |  59.0 |      37 |      12 |  24.5
   Vaults:1 |    6017 |    6403 |  51.6 |      13 |       8 |  38.1
   Vaults:2 |   28324 |    8362 |  22.8 |      64 |      10 |  13.5
   Vaults:3 |   29934 |   30564 |  50.5 |      46 |      38 |  45.2
   Vaults:4 |   37200 |   34633 |  48.2 |      62 |      36 |  36.7
   Vaults:5 |    7034 |   87378 |  92.5 |       8 |      64 |  88.9
   Depths:1 |   27869 |    9389 |  25.2 |      36 |      16 |  30.8
   Depths:2 |       0 |    7988 | 100.0 |       0 |      10 | 100.0
   Depths:3 |    3321 |    1029 |  23.7 |       5 |       1 |  16.7
   Depths:4 |   14227 |       0 |   0.0 |       6 |       0 |   0.0
   Depths:5 |   34042 |   19520 |  36.4 |      33 |      15 |  31.2
      Zot:1 |   10034 |       0 |   0.0 |       6 |       0 |   0.0
      Zot:3 |   16321 |       0 |   0.0 |       8 |       0 |   0.0
      Zot:4 |   66935 |   19526 |  22.6 |      40 |      14 |  25.9
      IceCv |       0 |    1664 | 100.0 |       0 |      15 | 100.0
            +---------+---------+-------+---------+---------+-------
